Stars vs Bruins

Created - October 30, 2017 at 19:01

Goals
1 2 3 OT1 SO T
Stars 3 1 2 0 0 6
Bruins 0 3 3 0 2 7
Shots
1 2 3 OT1 SO T
Stars 12 10 11 0 2 33
Bruins 13 8 9 0 2 30

1st period

1. Stars , Michael Frolik 5 (Ryan Getzlaf 4, Brian Lee 4) at 7:09 (PP)
2. Stars , John Tavares 4 (Michael Frolik 5, Brian Lee 5) at 17:53
3. Stars , Ryan Getzlaf 1 (Michael Frolik 6) at 18:35 (PP)

Penalties :
Kris Chucko (Bos) for Holding (Minor) at 6:37, Mike Fisher (Bos) for High sticking (Minor) at 9:26, Wojtek Wolski (Bos) for Goalie Interference (Minor) at 18:08, Andrei Markov (Dal) for Hooking (Minor) at 19:19

2nd period

4. Stars , Evgeny Artyukhin 1 (Trevor Daley 1, Scott Hartnell 3) at 4:11
5. Bruins , Viktor Stalberg 3 (Mark Stuart 4, Dave Bolland 3) at 8:24
6. Bruins , Andrew Alberts 1 (Victor Oreskovich 6) at 12:43 (PP)
7. Bruins , Viktor Stalberg 4 (Dave Bolland 4, Jason Demers 6) at 14:34

Penalties :
Henrik Sedin (Bos) for Roughing (Minor) at 9:00, Rickard Wallin (Dal) for Tripping (Minor) at 11:42, Victor Oreskovich (Bos) for Tripping (Minor) at 15:45

3rd period

8. Bruins , Adam Pineault 3 (Dave Bolland 5) at 3:12
9. Bruins , Dainius Zubrus 1 (Andrew Alberts 3, Mike Fisher 2) at 3:49
10. Bruins , Mike Fisher 2 (Dainius Zubrus 1) at 8:11
11. Stars , Dustin Penner 1 (Daniel Cleary 2) at 17:57
12. Stars , Michael Frolik 6 (John Tavares 8) at 19:41

Penalties :
Trevor Daley (Dal) for High sticking (Minor) at 0:09, Victor Oreskovich (Bos) for Slashing (Minor) at 11:59, Victor Oreskovich (Bos) for High sticking (Minor) at 14:32, Viktor Stalberg (Bos) for Delaying the game (Minor) at 19:47

Overtime #1

No Goal

Penalties :
No Penalty

Shootout

Penalty Shot by John Tavares for Stars - Shot Misses the Net
Penalty Shot by Wojtek Wolski for Bruins - Goal!
Penalty Shot by Scott Hartnell for Stars - Stopped by Roberto Luongo
Penalty Shot by Viktor Stalberg for Bruins - Goal!

Penalties :
No Penalty

Goalie Stats

Miika Kiprusoff (Dal), 22 saves from 28 shots - (0.786), 48:11 minutes
Pascal Leclaire (Dal), 2 saves from 2 shots - (1.000), OTL, 3-2-1, 15:57 minutes
Roberto Luongo (Bos), 16 saves from 18 shots - (0.889), W, 4-3-0, 40:49 minutes
Kevin Poulin (Bos), 11 saves from 15 shots - (0.733), 24:11 minutes

Players Stats for Stars

Player Name              G  A  P  +/- PIM S  H  SB GA TA FO     MP     PP MP  PK MP  
------------------------------------------------------------------------------------
Andrei Markov            0  0  0   1  2   2  2  1  0  0  0/0    20:03   4:33   1:26 
Brian Lee                0  2  2   0  0   4  2  0  0  0  0/0    27:35   6:51   0:00 
Daniel Cleary            0  1  1   0  0   0  1  0  0  0  0/0    11:27   0:00   3:10 
Dustin Penner            1  0  1   0  0   2  1  0  1  0  0/1    10:22   0:00   1:38 
Evgeny Artyukhin         1  0  1   0  0   3  2  0  0  0  2/2    10:22   0:00   0:00 
John Tavares             1  1  2   1  0   5  2  0  1  1  16/36  22:17   6:25   0:36 
Johnny Oduya             0  0  0   0  0   1  0  2  1  0  0/0    18:46   0:00   2:42 
Jussi Jokinen            0  0  0  -2  0   2  0  0  0  0  0/0    16:35   4:41   0:11 
Matt Cooke               0  0  0   0  0   0  1  1  1  0  0/0    12:14   0:07   0:00 
Michael Frolik           2  2  4   1  0   7  1  0  0  0  1/1    20:22   4:41   0:00 
Michal Handzus           0  0  0   1  0   0  3  0  0  0  10/16  16:20   0:00   3:08 
Radim Vrbata             0  0  0  -2  0   3  0  1  1  0  0/1    17:13   6:25   0:00 
Raphael Diaz             0  0  0  -2  0   0  0  1  0  1  0/0    20:29   2:50   2:17 
Rickard Wallin           0  0  0  -1  2   0  0  0  0  0  1/1     6:32   0:00   0:00 
Ryan Getzlaf             1  1  2  -2  0   2  0  0  0  1  3/9    16:24   4:41   1:15 
Scott Hartnell           0  1  1   1  0   1  3  0  0  0  1/2    22:40   6:18   0:00 
Shaone Morrisonn         0  0  0  -2  0   1  0  2  0  0  0/0    17:09   0:00   2:46 
Trevor Daley             0  1  1   1  2   0  1  1  1  1  0/1    28:08   7:58   0:47 

Players Stats for Bruins

Player Name              G  A  P  +/- PIM S  H  SB GA TA FO     MP     PP MP  PK MP  
------------------------------------------------------------------------------------
Adam Pineault            1  0  1   3  0   1  1  0  0  0  0/1     7:44   0:00   0:00 
Alex Tanguay             0  0  0  -2  0   3  1  0  0  0  0/0    16:14   1:24   3:12 
Andrew Alberts           1  1  2   1  0   4  0  5  0  2  0/0    32:56   3:33   7:59 
Dainius Zubrus           1  1  2   2  0   2  0  0  0  0  0/0     8:29   0:00   0:00 
Dave Bolland             0  3  3   3  0   2  1  0  0  0  4/9    14:08   0:00   5:45 
Henrik Sedin             0  0  0  -2  2   2  1  0  1  0  26/45  25:32   3:35   5:14 
Jason Demers             0  1  1   1  0   1  0  1  0  1  0/0    32:56   3:33   7:59 
Justin Falk              0  0  0   0  0   0  1  0  0  0  0/0    10:49   0:00   0:00 
Kris Chucko              0  0  0   2  2   0  1  1  0  0  0/0    10:19   0:00   1:34 
Marc Savard              0  0  0  -2  0   0  0  0  0  0  3/9    16:09   1:24   2:08 
Mark Stuart              0  1  1   0  0   0  2  2  0  0  0/0    21:15   1:26   4:54 
Mike Fisher              1  1  2   2  2   3  3  0  0  1  2/4     9:09   0:00   0:00 
Nate Prosser             0  0  0   0  0   0  2  0  0  1  0/0    10:49   0:00   0:00 
Patrick Eaves            0  0  0  -2  0   5  0  0  0  1  0/0    14:05   3:35   0:00 
Ryan O'Byrne             0  0  0   0  0   0  0  0  0  0  0/0    21:15   1:26   4:54 
Victor Oreskovich        0  1  1  -2  6   4  3  0  2  0  0/0    23:31   1:24   4:10 
Viktor Stalberg          2  0  2   3  2   2  1  0  0  0  0/0     9:23   0:00   0:00 
Wojtek Wolski            0  0  0  -2  2   1  1  0  1  0  1/2    22:16   3:35   1:56 

3 Stars

1 - Michael Frolik (Dal)
2 - Viktor Stalberg (Bos)
3 - Dave Bolland (Bos)

Power Play

Stars - 2 on 8 Attempt(s) - 25.00%
Bruins - 1 on 3 Attempt(s) - 33.33%

Penalty Kill

Stars - 2 on 3 Attempt(s) - 66.67% - Score 0 goal in Penalty Kill
Bruins - 6 on 8 Attempt(s) - 75.00% - Score 0 goal in Penalty Kill

Team Stat

Stars - Hits : 19 - Faceoff Wins : 34 - Blocked Shots : 9 - Penalty Minutes : 6
Bruins - Hits : 18 - Faceoff Wins : 36 - Blocked Shots : 9 - Penalty Minutes : 16

Official

Referees : Furlatt Eric and Devorski Paul
Linesman : Vaughan Rody and Steve Barton

Game Notes

Roberto Luongo enters game at 4:11 of 2nd period
Pascal Leclaire enters game at 8:11 of 3rd period

Finance

Level 1 -- Attendance: 4519 (75.32%) -- Ticket Income $469,976
Level 2 -- Attendance: 3704 (74.08%) -- Ticket Income $237,056
Level 3 -- Attendance: 1924 (96.20%) -- Ticket Income $65,416
Level 4 -- Attendance: 4000 (100.00%) -- Ticket Income $96,000
Luxury Box -- Attendance: 736 (73.60%) -- Ticket Income $142,784
Game was played at the TD Banknorth Garden.
Total Attendance: 14883 (82.68%)
Total Ticket Income: $1,011,232
Other Income: $151,685
Total Income: $1,162,917

Stars

5 vs 5 Forward 
   Center                   Left Wing                Right Wing               Time % Phy DF OF 
 1 John Tavares             Scott Hartnell           Michael Frolik           37     0   2  3  
 2 Ryan Getzlaf             Jussi Jokinen            Radim Vrbata             27     0   2  3  
 3 Michal Handzus           Matt Cooke               Evgeny Artyukhin         22     1   2  2  
 4 Rickard Wallin           Dustin Penner            Daniel Cleary            14     1   2  2  

5 vs 5 Defense 
   Defense                  Defense                                           Time % Phy DF OF 
 1 Trevor Daley             Brian Lee                                         40     1   2  2  
 2 Johnny Oduya             Andrei Markov                                     30     1   2  2  
 3 Raphael Diaz             Shaone Morrisonn                                  30     1   2  2  
 4 Johnny Oduya             Brian Lee                                         0      1   2  2  

PowerPlay Forward 
   Center                   Left Wing                Right Wing               Time % Phy DF OF 
 1 John Tavares             Scott Hartnell           Radim Vrbata             60     0   1  4  
 2 Ryan Getzlaf             Jussi Jokinen            Michael Frolik           40     0   1  4  

PowerPlay Defense
   Defense                  Defense                                           Time % Phy DF OF 
 1 Trevor Daley             Brian Lee                                         60     0   2  3  
 2 Trevor Daley             Andrei Markov                                     40     0   2  3  

Penalty Kill 4 Players Forward 
   Center                   Wing                     Time % Phy DF OF 
 1 Michal Handzus           Daniel Cleary            60     0   3  2  
 2 Ryan Getzlaf             Dustin Penner            40     0   3  2  

Penalty Kill 4 Players Defense
   Defense                  Defense                  Time % Phy DF OF 
 1 Johnny Oduya             Shaone Morrisonn         60     0   3  2  
 2 Raphael Diaz             Andrei Markov            40     0   3  2  

Penalty Kill - 3 Players Forward 
   Forward                                           Time % Phy DF OF 
 1 Michal Handzus                                    60     0   3  2  
 2 Rickard Wallin                                    40     0   3  2  

Penalty Kill - 3 Players Defense
   Defense                  Defense                  Time % Phy DF OF 
 1 Johnny Oduya             Brian Lee                60     1   2  2  
 2 Trevor Daley             Andrei Markov            40     1   2  2  

4 vs 4 Forward 
   Center                   Wing                     Time % Phy DF OF 
 1 Trevor Daley             Scott Hartnell           60     1   2  2  
 2 Jussi Jokinen            Michael Frolik           40     1   2  2  

4 vs 4 Defense
   Defense                  Defense                  Time % Phy DF OF 
 1 Johnny Oduya             Brian Lee                60     1   2  2  
 2 Trevor Daley             Andrei Markov            40     1   2  2  

Last Minutes Offensive
   Center                   Left Wing                Right Wing               Defense                  Defense                  
   John Tavares             Scott Hartnell           Michael Frolik           Johnny Oduya             Brian Lee                

Last Minutes Defensive
   Center                   Left Wing                Right Wing               Defense                  Defense                  
   John Tavares             Scott Hartnell           Michael Frolik           Johnny Oduya             Brian Lee                

Goaltenders
Starting : Miika Kiprusoff          
Backup : Pascal Leclaire          

Extra Forwards
Normal : Matt Cooke, Dustin Penner, Michal Handzus - PP : Matt Cooke, Dustin Penner - PK : Michal Handzus
Extra Defensemen
Normal : Raphael Diaz, Shaone Morrisonn, Trevor Daley - PP : Raphael Diaz - PK : Shaone Morrisonn, Trevor Daley
Penalty Shots
John Tavares, Scott Hartnell, Jussi Jokinen, Michael Frolik, Ryan Getzlaf

Scratches
None

Bruins

5 vs 5 Forward 
   Center                   Left Wing                Right Wing               Time % Phy DF OF 
 1 Henrik Sedin             Wojtek Wolski            Victor Oreskovich        40     0   2  3  
 2 Marc Savard              Alex Tanguay             Patrick Eaves            30     0   2  3  
 3 Dave Bolland             Viktor Stalberg          Adam Pineault            20     1   2  2  
 4 Mike Fisher              Kris Chucko              Dainius Zubrus           10     1   2  2  

5 vs 5 Defense 
   Defense                  Defense                                           Time % Phy DF OF 
 1 Jason Demers             Andrew Alberts                                    40     0   2  3  
 2 Mark Stuart              Ryan O'Byrne                                      30     0   3  2  
 3 Nate Prosser             Justin Falk                                       20     1   2  2  
 4 Jason Demers             Andrew Alberts                                    10     1   2  2  

PowerPlay Forward 
   Center                   Left Wing                Right Wing               Time % Phy DF OF 
 1 Henrik Sedin             Wojtek Wolski            Patrick Eaves            60     0   1  4  
 2 Marc Savard              Alex Tanguay             Victor Oreskovich        40     0   2  3  

PowerPlay Defense
   Defense                  Defense                                           Time % Phy DF OF 
 1 Jason Demers             Andrew Alberts                                    60     0   2  3  
 2 Mark Stuart              Ryan O'Byrne                                      40     0   2  3  

Penalty Kill 4 Players Forward 
   Center                   Wing                     Time % Phy DF OF 
 1 Henrik Sedin             Victor Oreskovich        60     0   4  1  
 2 Dave Bolland             Wojtek Wolski            40     0   4  1  

Penalty Kill 4 Players Defense
   Defense                  Defense                  Time % Phy DF OF 
 1 Jason Demers             Andrew Alberts           60     0   5  0  
 2 Mark Stuart              Ryan O'Byrne             40     0   5  0  

Penalty Kill - 3 Players Forward 
   Forward                                           Time % Phy DF OF 
 1 Wojtek Wolski                                     60     0   4  1  
 2 Victor Oreskovich                                 40     0   4  1  

Penalty Kill - 3 Players Defense
   Defense                  Defense                  Time % Phy DF OF 
 1 Jason Demers             Andrew Alberts           60     0   5  0  
 2 Mark Stuart              Ryan O'Byrne             40     0   5  0  

4 vs 4 Forward 
   Center                   Wing                     Time % Phy DF OF 
 1 Henrik Sedin             Wojtek Wolski            60     0   2  3  
 2 Marc Savard              Victor Oreskovich        40     0   2  3  

4 vs 4 Defense
   Defense                  Defense                  Time % Phy DF OF 
 1 Jason Demers             Andrew Alberts           60     0   2  3  
 2 Mark Stuart              Ryan O'Byrne             40     1   2  2  

Last Minutes Offensive
   Center                   Left Wing                Right Wing               Defense                  Defense                  
   Henrik Sedin             Wojtek Wolski            Victor Oreskovich        Jason Demers             Andrew Alberts           

Last Minutes Defensive
   Center                   Left Wing                Right Wing               Defense                  Defense                  
   Henrik Sedin             Wojtek Wolski            Victor Oreskovich        Jason Demers             Andrew Alberts           

Goaltenders
Starting : Kevin Poulin             
Backup : Roberto Luongo           

Extra Forwards
Normal : Viktor Stalberg, Mike Fisher, Dave Bolland - PP : Viktor Stalberg, Mike Fisher - PK : Dave Bolland
Extra Defensemen
Normal : Nate Prosser, Justin Falk, Mark Stuart - PP : Nate Prosser - PK : Justin Falk, Mark Stuart
Penalty Shots
Wojtek Wolski, Viktor Stalberg, Marc Savard, Victor Oreskovich, Patrick Eaves

Scratches
None


% Time on Ice - Stars

Lines # - Real PCT - Wanted PCT - Time Play
Normal Forward
1 - 34% - 37% - 14:45
2 - 26% - 27% - 11:18
3 - 24% - 22% - 10:22
4 - 15% - 14% - 6:33
Normal Defense
1 - 39% - 40% - 16:37
2 - 29% - 30% - 12:29
3 - 29% - 30% - 12:33
4 - 3% - 0% - 1:19
PP Forward
1 - 58% - 60% - 6:25
2 - 42% - 40% - 4:41
PP Defense
1 - 62% - 60% - 6:51
2 - 38% - 40% - 4:15
PK Forward
1 - 75% - 60% - 3:44
2 - 25% - 40% - 1:15
PK Defense
1 - 54% - 60% - 2:42
2 - 46% - 40% - 2:17
PK3 Forward
1 - 0% - 60%
2 - 0% - 40%
PK3 Defense
1 - 0% - 60%
2 - 0% - 40%
44 Forward
1 - 75% - 60% - 3:45
2 - 25% - 40% - 1:15
44 Defense
1 - 48% - 60% - 2:25
2 - 52% - 40% - 2:35
Last Minute Offensive  - 0:57
Last Minute Defensive  - 0:00
Total
Forward - 65:00
Defense - 65:00

% Time on Ice - Bruins

Lines # - Real PCT - Wanted PCT - Time Play
Normal Forward
1 - 36% - 40% - 15:16
2 - 27% - 30% - 11:30
3 - 18% - 20% - 7:44
4 - 20% - 10% - 8:29
Normal Defense
1 - 42% - 40% - 18:00
2 - 32% - 30% - 13:39
3 - 23% - 20% - 9:53
4 - 3% - 10% - 1:27
PP Forward
1 - 72% - 60% - 3:35
2 - 28% - 40% - 1:24
PP Defense
1 - 71% - 60% - 3:33
2 - 29% - 40% - 1:26
PK Forward
1 - 90% - 60% - 10:02
2 - 10% - 40% - 1:04
PK Defense
1 - 64% - 60% - 7:04
2 - 36% - 40% - 4:02
PK3 Forward
1 - 77% - 60% - 1:22
2 - 23% - 40% - 0:25
PK3 Defense
1 - 51% - 60% - 0:55
2 - 49% - 40% - 0:52
44 Forward
1 - 75% - 60% - 2:24
2 - 25% - 40% - 0:49
44 Defense
1 - 67% - 60% - 2:09
2 - 33% - 40% - 1:04
Last Minute Offensive  - 0:00
Last Minute Defensive  - 0:56
Total
Forward - 65:00
Defense - 65:00

Play by Play

1st period


0:01 of 1st period - John Tavares wins face-off versus Henrik Sedin in neutral zone.
0:04 of 1st period - Andrew Alberts is hit by John Tavares and loses puck.
0:11 of 1st period - Scott Hartnell is hit by Victor Oreskovich and loses puck.
0:58 of 1st period - Off-side.
0:59 of 1st period - Evgeny Artyukhin wins face-off versus Adam Pineault in neutral zone.
1:35 of 1st period - Snap shot by John Tavares.
1:35 of 1st period - Shot Misses the Net.
2:53 of 1st period - Snap shot by Patrick Eaves.
2:53 of 1st period - Stopped by Miika Kiprusoff without a rebound.
2:54 of 1st period - Henrik Sedin wins face-off versus Michal Handzus in Stars zone.
3:28 of 1st period - Ryan O'Byrne is hit by Scott Hartnell and loses puck.
4:04 of 1st period - Jussi Jokinen is hit by Henrik Sedin and loses puck.
4:39 of 1st period - Raphael Diaz is hit by Kris Chucko and loses puck.
5:26 of 1st period - Jussi Jokinen is hit by Adam Pineault.
5:30 of 1st period - Slapshot by Johnny Oduya.
5:30 of 1st period - Deflect By Mark Stuart.
5:30 of 1st period - Stopped by Kevin Poulin with a rebound.
5:32 of 1st period - Slapshot by Raphael Diaz.
5:32 of 1st period - Shot Blocked by Mark Stuart.
5:34 of 1st period - Snap shot by Radim Vrbata.
5:34 of 1st period - Stopped by Kevin Poulin with a rebound.
5:36 of 1st period - Slapshot by Shaone Morrisonn.
5:36 of 1st period - Deflect By Mark Stuart.
5:36 of 1st period - Stopped by Kevin Poulin without a rebound.
5:37 of 1st period - Henrik Sedin wins face-off versus John Tavares in Bruins zone.
5:50 of 1st period - Slapshot by Michael Frolik.
5:50 of 1st period - Shot Misses the Net.
6:37 of 1st period - Minor Penalty to Kris Chucko for Holding.
6:38 of 1st period - John Tavares wins face-off versus Henrik Sedin in Bruins zone.
6:39 of 1st period - Slapshot by Brian Lee.
6:39 of 1st period - Stopped by Kevin Poulin without a rebound.
6:40 of 1st period - John Tavares wins face-off versus Henrik Sedin in Bruins zone.
7:07 of 1st period - Wrist shot by Ryan Getzlaf.
7:07 of 1st period - Shot Misses the Net.
7:09 of 1st period - Wrist shot by Michael Frolik.
7:09 of 1st period - Goal by Michael Frolik - Stars : 1 - Bruins : 0.
7:10 of 1st period - Henrik Sedin wins face-off versus Scott Hartnell in neutral zone.
8:06 of 1st period - Icing by Johnny Oduya.
8:07 of 1st period - Henrik Sedin wins face-off versus Michal Handzus in Stars zone.
8:40 of 1st period - Wrist shot by Michael Frolik.
8:40 of 1st period - Stopped by Kevin Poulin with a rebound.
9:26 of 1st period - Minor Penalty to Mike Fisher for High sticking.
9:27 of 1st period - John Tavares wins face-off versus Henrik Sedin in Bruins zone.
9:49 of 1st period - Trevor Daley is hit by Victor Oreskovich and loses puck.
10:00 of 1st period - Wrist shot by John Tavares.
10:00 of 1st period - Shot Blocked by Andrew Alberts.
10:02 of 1st period - Snap shot by Brian Lee.
10:02 of 1st period - Stopped by Kevin Poulin without a rebound.
10:03 of 1st period - Dave Bolland wins face-off versus Ryan Getzlaf in Bruins zone.
10:44 of 1st period - Radim Vrbata is hit by Wojtek Wolski and loses puck.
11:26 of 1st period - Penalty to Mike Fisher is over, Mike Fisher is back on ice.
12:03 of 1st period - Slapshot by Evgeny Artyukhin.
12:03 of 1st period - Stopped by Kevin Poulin without a rebound.
12:04 of 1st period - Michal Handzus wins face-off versus Marc Savard in Bruins zone.
12:09 of 1st period - Slapshot by Evgeny Artyukhin.
12:09 of 1st period - Shot Misses the Net.
12:27 of 1st period - Wrist shot by Patrick Eaves.
12:27 of 1st period - Shot Blocked by Raphael Diaz.
12:29 of 1st period - Slapshot by Nate Prosser.
12:29 of 1st period - Deflect By Alex Tanguay.
12:29 of 1st period - Stopped by Miika Kiprusoff with a rebound.
12:31 of 1st period - Slapshot by Patrick Eaves.
12:31 of 1st period - Stopped by Miika Kiprusoff without a rebound.
12:32 of 1st period - Henrik Sedin wins face-off versus John Tavares in Stars zone.
12:39 of 1st period - Slapshot by Wojtek Wolski.
12:39 of 1st period - Shot Misses the Net.
12:57 of 1st period - Andrew Alberts is hit by Trevor Daley and loses puck.
13:48 of 1st period - Slapshot by Dustin Penner.
13:48 of 1st period - Shot Misses the Net.
14:03 of 1st period - Nate Prosser is hit by Andrei Markov and loses puck.
14:08 of 1st period - Snap shot by Alex Tanguay.
14:08 of 1st period - Stopped by Miika Kiprusoff without a rebound.
14:09 of 1st period - Henrik Sedin wins face-off versus John Tavares in Stars zone.
14:30 of 1st period - Slapshot by Michael Frolik.
14:30 of 1st period - Shot Misses the Net.
14:32 of 1st period - Slapshot by Andrei Markov.
14:32 of 1st period - Stopped by Kevin Poulin with a rebound.
14:34 of 1st period - Snap shot by Michael Frolik.
14:34 of 1st period - Shot Misses the Net.
14:36 of 1st period - Slapshot by Johnny Oduya.
14:36 of 1st period - Shot Blocked by Andrew Alberts.
14:38 of 1st period - Wrist shot by John Tavares.
14:38 of 1st period - Shot Misses the Net.
14:56 of 1st period - Wrist shot by John Tavares.
14:56 of 1st period - Stopped by Kevin Poulin without a rebound.
14:57 of 1st period - Ryan Getzlaf wins face-off versus Marc Savard in Bruins zone.
15:33 of 1st period - Snap shot by Adam Pineault.
15:33 of 1st period - Shot Blocked by Johnny Oduya.
16:22 of 1st period - Wojtek Wolski is hit by Michael Frolik and loses puck.
17:00 of 1st period - Snap shot by Daniel Cleary.
17:00 of 1st period - Shot Misses the Net.
17:10 of 1st period - Rickard Wallin is hit by Mike Fisher and loses puck.
17:27 of 1st period - Snap shot by Radim Vrbata.
17:27 of 1st period - Shot Misses the Net.
17:29 of 1st period - Slapshot by Shaone Morrisonn.
17:29 of 1st period - Shot Misses the Net.
17:53 of 1st period - Snap shot by John Tavares.
17:53 of 1st period - Goal by John Tavares - Stars : 2 - Bruins : 0.
17:54 of 1st period - Henrik Sedin wins face-off versus John Tavares in neutral zone.
18:08 of 1st period - Minor Penalty to Wojtek Wolski for Goalie Interference.
18:09 of 1st period - Henrik Sedin wins face-off versus John Tavares in Bruins zone.
18:35 of 1st period - Slapshot by Michael Frolik.
18:35 of 1st period - Deflect By Ryan Getzlaf.
18:35 of 1st period - Goal by Ryan Getzlaf - Stars : 3 - Bruins : 0.
18:36 of 1st period - Henrik Sedin wins face-off versus John Tavares in neutral zone.
18:41 of 1st period - Slapshot by Victor Oreskovich.
18:41 of 1st period - Stopped by Miika Kiprusoff without a rebound.
18:42 of 1st period - Henrik Sedin wins face-off versus John Tavares in Stars zone.
18:55 of 1st period - Wrist shot by Henrik Sedin.
18:55 of 1st period - Shot Misses the Net.
18:57 of 1st period - Slapshot by Andrew Alberts.
18:57 of 1st period - Shot Misses the Net.
19:09 of 1st period - Snap shot by Patrick Eaves.
19:09 of 1st period - Stopped by Miika Kiprusoff without a rebound.
19:10 of 1st period - Marc Savard wins face-off versus Ryan Getzlaf in Stars zone.
19:11 of 1st period - Snap shot by Alex Tanguay.
19:11 of 1st period - Stopped by Miika Kiprusoff without a rebound.
19:12 of 1st period - Henrik Sedin wins face-off versus Ryan Getzlaf in Stars zone.
19:17 of 1st period - Wrist shot by Henrik Sedin.
19:17 of 1st period - Shot Blocked by Andrei Markov.
19:19 of 1st period - Minor Penalty to Andrei Markov for Hooking.
19:20 of 1st period - Michal Handzus wins face-off versus Henrik Sedin in Stars zone.
19:29 of 1st period - Wrist shot by Patrick Eaves.
19:29 of 1st period - Stopped by Miika Kiprusoff without a rebound.
19:30 of 1st period - Michal Handzus wins face-off versus Henrik Sedin in Stars zone.
19:43 of 1st period - Snap shot by Henrik Sedin.
19:43 of 1st period - Shot Misses the Net.
19:45 of 1st period - Snap shot by Henrik Sedin.
19:45 of 1st period - Stopped by Miika Kiprusoff with a rebound.
19:47 of 1st period - Snap shot by Andrew Alberts.
19:47 of 1st period - Shot Blocked by Shaone Morrisonn.
19:49 of 1st period - Slapshot by Andrew Alberts.
19:49 of 1st period - Stopped by Miika Kiprusoff with a rebound.
19:51 of 1st period - Slapshot by Andrew Alberts.
19:51 of 1st period - Stopped by Miika Kiprusoff with a rebound.
19:53 of 1st period - Snap shot by Henrik Sedin.
19:53 of 1st period - Shot Misses the Net.
19:55 of 1st period - Slapshot by Jason Demers.
19:55 of 1st period - Stopped by Miika Kiprusoff without a rebound.
19:56 of 1st period - Marc Savard wins face-off versus Michal Handzus in Stars zone.
19:57 of 1st period - Wrist shot by Alex Tanguay.
19:57 of 1st period - Deflect By Victor Oreskovich.
19:57 of 1st period - Stopped by Miika Kiprusoff without a rebound.
19:58 of 1st period - Michal Handzus wins face-off versus Marc Savard in Stars zone.
19:58 of 1st period - Michal Handzus is hit by Victor Oreskovich.
Goals for this period are 3 for Stars vs 0 for Bruins.
Shots for this period are 12 for Stars vs 13 for Bruins.

2nd period


0:01 of 2nd period - Michal Handzus wins face-off versus Henrik Sedin in neutral zone.
0:38 of 2nd period - Wrist shot by Alex Tanguay.
0:38 of 2nd period - Shot Blocked by Trevor Daley.
1:19 of 2nd period - Penalty to Andrei Markov is over, Andrei Markov is back on ice.
1:29 of 2nd period - Johnny Oduya is hit by Viktor Stalberg and loses puck.
1:36 of 2nd period - Snap shot by Viktor Stalberg.
1:36 of 2nd period - Deflect By Dave Bolland.
1:36 of 2nd period - Stopped by Miika Kiprusoff without a rebound.
1:37 of 2nd period - Mike Fisher wins face-off versus Ryan Getzlaf in Stars zone.
1:45 of 2nd period - Off-side.
1:46 of 2nd period - Mike Fisher wins face-off versus Ryan Getzlaf in neutral zone.
2:06 of 2nd period - Andrei Markov is hit by Mike Fisher and loses puck.
2:45 of 2nd period - Slapshot by Ryan Getzlaf.
2:45 of 2nd period - Shot Misses the Net.
2:47 of 2nd period - Wrist shot by Radim Vrbata.
2:47 of 2nd period - Shot Misses the Net.
3:33 of 2nd period - Snap shot by Ryan Getzlaf.
3:33 of 2nd period - Deflect By Radim Vrbata.
3:33 of 2nd period - Shot Misses the Net.
3:33 of 2nd period - Puck is out of play.
3:34 of 2nd period - John Tavares wins face-off versus Henrik Sedin in Bruins zone.
3:39 of 2nd period - Snap shot by Michael Frolik.
3:39 of 2nd period - Stopped by Kevin Poulin with a rebound.
3:41 of 2nd period - Slapshot by Brian Lee.
3:41 of 2nd period - Stopped by Kevin Poulin without a rebound.
3:42 of 2nd period - Henrik Sedin wins face-off versus John Tavares in Bruins zone.
4:11 of 2nd period - Snap shot by Evgeny Artyukhin.
4:11 of 2nd period - Goal by Evgeny Artyukhin - Stars : 4 - Bruins : 0.
4:11 of 2nd period - Roberto Luongo enters game.
4:12 of 2nd period - Henrik Sedin wins face-off versus John Tavares in neutral zone.
4:38 of 2nd period - Marc Savard is hit by Evgeny Artyukhin and loses puck.
5:19 of 2nd period - Henrik Sedin is hit by Scott Hartnell and loses puck.
5:26 of 2nd period - Slapshot by Wojtek Wolski.
5:26 of 2nd period - Shot Blocked by Johnny Oduya.
5:46 of 2nd period - Slapshot by Andrew Alberts.
5:46 of 2nd period - Shot Misses the Net.
5:50 of 2nd period - Wrist shot by Mike Fisher.
5:50 of 2nd period - Deflect By Kris Chucko.
5:50 of 2nd period - Shot Blocked by Matt Cooke.
5:50 of 2nd period - Puck is out of play.
5:51 of 2nd period - John Tavares wins face-off versus Mike Fisher in Stars zone.
6:00 of 2nd period - Snap shot by Michael Frolik.
6:00 of 2nd period - Shot Blocked by Kris Chucko.
6:02 of 2nd period - Slapshot by Scott Hartnell.
6:02 of 2nd period - Deflect By Ryan O'Byrne.
6:02 of 2nd period - Shot Misses the Net.
6:02 of 2nd period - Puck is out of play.
6:03 of 2nd period - John Tavares wins face-off versus Henrik Sedin in Bruins zone.
6:06 of 2nd period - Wrist shot by John Tavares.
6:06 of 2nd period - Stopped by Roberto Luongo with a rebound.
6:18 of 2nd period - Wrist shot by Michael Frolik.
6:18 of 2nd period - Shot Misses the Net.
6:31 of 2nd period - Icing by Victor Oreskovich.
6:32 of 2nd period - Henrik Sedin wins face-off versus Ryan Getzlaf in Bruins zone.
6:59 of 2nd period - Snap shot by Alex Tanguay.
6:59 of 2nd period - Deflect By Patrick Eaves.
6:59 of 2nd period - Stopped by Miika Kiprusoff without a rebound.
7:00 of 2nd period - Michael Frolik wins face-off versus Marc Savard in Stars zone.
7:31 of 2nd period - Snap shot by Michael Frolik.
7:31 of 2nd period - Shot Misses the Net.
7:33 of 2nd period - Wrist shot by Michael Frolik.
7:33 of 2nd period - Shot Misses the Net.
7:45 of 2nd period - Wrist shot by Scott Hartnell.
7:45 of 2nd period - Deflect By John Tavares.
7:45 of 2nd period - Shot Misses the Net.
7:45 of 2nd period - Puck is out of play.
7:46 of 2nd period - Henrik Sedin wins face-off versus Michal Handzus in Bruins zone.
8:01 of 2nd period - Slapshot by Evgeny Artyukhin.
8:01 of 2nd period - Stopped by Roberto Luongo with a rebound.
8:20 of 2nd period - Wrist shot by Viktor Stalberg.
8:20 of 2nd period - Shot Misses the Net.
8:22 of 2nd period - Slapshot by Mark Stuart.
8:22 of 2nd period - Shot Blocked by Radim Vrbata.
8:24 of 2nd period - Snap shot by Viktor Stalberg.
8:24 of 2nd period - Goal by Viktor Stalberg - Stars : 4 - Bruins : 1.
8:25 of 2nd period - Henrik Sedin wins face-off versus John Tavares in neutral zone.
8:32 of 2nd period - Slapshot by Brian Lee.
8:32 of 2nd period - Stopped by Roberto Luongo with a rebound.
8:34 of 2nd period - Snap shot by Scott Hartnell.
8:34 of 2nd period - Shot Misses the Net.
8:36 of 2nd period - Snap shot by Scott Hartnell.
8:36 of 2nd period - Deflect By John Tavares.
8:36 of 2nd period - Shot Blocked by Andrew Alberts.
8:36 of 2nd period - Puck is out of play.
8:37 of 2nd period - John Tavares wins face-off versus Henrik Sedin in Bruins zone.
8:54 of 2nd period - Wrist shot by Michael Frolik.
8:54 of 2nd period - Shot Misses the Net.
9:00 of 2nd period - Minor Penalty to Henrik Sedin for Roughing.
9:01 of 2nd period - John Tavares wins face-off versus Dave Bolland in Bruins zone.
9:04 of 2nd period - Wrist shot by Radim Vrbata.
9:04 of 2nd period - Stopped by Roberto Luongo without a rebound.
9:05 of 2nd period - Dave Bolland wins face-off versus John Tavares in Bruins zone.
9:14 of 2nd period - Jason Demers is hit by Brian Lee and loses puck.
9:20 of 2nd period - Off-side.
9:21 of 2nd period - Dave Bolland wins face-off versus John Tavares in neutral zone.
9:28 of 2nd period - Wrist shot by Andrew Alberts.
9:28 of 2nd period - Stopped by Miika Kiprusoff with a rebound.
9:56 of 2nd period - Snap shot by Jussi Jokinen.
9:56 of 2nd period - Stopped by Roberto Luongo without a rebound.
9:57 of 2nd period - Ryan Getzlaf wins face-off versus Dave Bolland in Bruins zone.
11:00 of 2nd period - Penalty to Henrik Sedin is over, Henrik Sedin is back on ice.
11:42 of 2nd period - Minor Penalty to Rickard Wallin for Tripping.
11:43 of 2nd period - Michal Handzus wins face-off versus Henrik Sedin in Stars zone.
11:54 of 2nd period - Andrew Alberts is hit by Michal Handzus and loses puck.
12:13 of 2nd period - Wrist shot by Victor Oreskovich.
12:13 of 2nd period - Stopped by Miika Kiprusoff without a rebound.
12:14 of 2nd period - Henrik Sedin wins face-off versus Michal Handzus in Stars zone.
12:29 of 2nd period - Snap shot by Wojtek Wolski.
12:29 of 2nd period - Shot Misses the Net.
12:43 of 2nd period - Backhand shot by Andrew Alberts.
12:43 of 2nd period - Deflect By Raphael Diaz.
12:43 of 2nd period - Goal by Andrew Alberts - Stars : 4 - Bruins : 2.
12:44 of 2nd period - Henrik Sedin wins face-off versus John Tavares in neutral zone.
13:13 of 2nd period - Off-side.
13:14 of 2nd period - Michal Handzus wins face-off versus Marc Savard in neutral zone.
13:32 of 2nd period - Wrist shot by Evgeny Artyukhin.
13:32 of 2nd period - Deflect By Marc Savard.
13:32 of 2nd period - Shot Misses the Net.
13:32 of 2nd period - Puck is out of play.
13:33 of 2nd period - Henrik Sedin wins face-off versus John Tavares in Bruins zone.
14:30 of 2nd period - Snap shot by Viktor Stalberg.
14:30 of 2nd period - Shot Misses the Net.
14:32 of 2nd period - Snap shot by Dave Bolland.
14:32 of 2nd period - Stopped by Miika Kiprusoff with a rebound.
14:34 of 2nd period - Snap shot by Viktor Stalberg.
14:34 of 2nd period - Goal by Viktor Stalberg - Stars : 4 - Bruins : 3.
14:35 of 2nd period - Henrik Sedin wins face-off versus John Tavares in neutral zone.
15:07 of 2nd period - Snap shot by Radim Vrbata.
15:07 of 2nd period - Shot Misses the Net.
15:09 of 2nd period - Snap shot by Ryan Getzlaf.
15:09 of 2nd period - Shot Misses the Net.
15:11 of 2nd period - Slapshot by Jussi Jokinen.
15:11 of 2nd period - Shot Misses the Net.
15:13 of 2nd period - Snap shot by Radim Vrbata.
15:13 of 2nd period - Stopped by Roberto Luongo with a rebound.
15:27 of 2nd period - Raphael Diaz is hit by Nate Prosser and loses puck.
15:45 of 2nd period - Minor Penalty to Victor Oreskovich for Tripping.
15:46 of 2nd period - John Tavares wins face-off versus Henrik Sedin in Bruins zone.
16:19 of 2nd period - Slapshot by Ryan Getzlaf.
16:19 of 2nd period - Stopped by Roberto Luongo with a rebound.
17:45 of 2nd period - Penalty to Victor Oreskovich is over, Victor Oreskovich is back on ice.
18:42 of 2nd period - Michal Handzus is hit by Mark Stuart and loses puck.
19:39 of 2nd period - Mike Fisher is hit by Evgeny Artyukhin and loses puck.
19:50 of 2nd period - Andrei Markov is hit by Justin Falk.
Goals for this period are 1 for Stars vs 3 for Bruins.
Shots for this period are 10 for Stars vs 8 for Bruins.

3rd period


0:01 of 3rd period - Henrik Sedin wins face-off versus John Tavares in neutral zone.
0:09 of 3rd period - Minor Penalty to Trevor Daley for High sticking.
0:10 of 3rd period - Henrik Sedin wins face-off versus Michal Handzus in Stars zone.
0:12 of 3rd period - Snap shot by Wojtek Wolski.
0:12 of 3rd period - Stopped by Miika Kiprusoff with a rebound.
1:54 of 3rd period - Off-side.
1:55 of 3rd period - John Tavares wins face-off versus Marc Savard in neutral zone.
2:09 of 3rd period - Penalty to Trevor Daley is over, Trevor Daley is back on ice.
3:10 of 3rd period - Wrist shot by Victor Oreskovich.
3:10 of 3rd period - Stopped by Miika Kiprusoff without a rebound.
3:11 of 3rd period - Dave Bolland wins face-off versus John Tavares in Stars zone.
3:12 of 3rd period - Slapshot by Adam Pineault.
3:12 of 3rd period - Goal by Adam Pineault - Stars : 4 - Bruins : 4.
3:13 of 3rd period - John Tavares wins face-off versus Dave Bolland in neutral zone.
3:47 of 3rd period - Slapshot by Dainius Zubrus.
3:47 of 3rd period - Shot Misses the Net.
3:49 of 3rd period - Slapshot by Dainius Zubrus.
3:49 of 3rd period - Goal by Dainius Zubrus - Stars : 4 - Bruins : 5.
3:50 of 3rd period - Henrik Sedin wins face-off versus John Tavares in neutral zone.
4:05 of 3rd period - Snap shot by Henrik Sedin.
4:05 of 3rd period - Stopped by Miika Kiprusoff with a rebound.
4:15 of 3rd period - Brian Lee is hit by Dave Bolland and loses puck.
4:40 of 3rd period - Wrist shot by Michael Frolik.
4:40 of 3rd period - Shot Misses the Net.
4:50 of 3rd period - Snap shot by Scott Hartnell.
4:50 of 3rd period - Stopped by Roberto Luongo with a rebound.
4:52 of 3rd period - Slapshot by John Tavares.
4:52 of 3rd period - Stopped by Roberto Luongo without a rebound.
4:53 of 3rd period - Ryan Getzlaf wins face-off versus Henrik Sedin in Bruins zone.
5:20 of 3rd period - Matt Cooke is hit by Mark Stuart and loses puck.
5:29 of 3rd period - Snap shot by Evgeny Artyukhin.
5:29 of 3rd period - Shot Misses the Net.
6:23 of 3rd period - Andrei Markov is hit by Nate Prosser and loses puck.
6:38 of 3rd period - Patrick Eaves is hit by Scott Hartnell and loses puck.
7:43 of 3rd period - Snap shot by Michael Frolik.
7:43 of 3rd period - Stopped by Roberto Luongo with a rebound.
8:09 of 3rd period - Wrist shot by Mike Fisher.
8:09 of 3rd period - Stopped by Miika Kiprusoff with a rebound.
8:11 of 3rd period - Backhand shot by Mike Fisher.
8:11 of 3rd period - Goal by Mike Fisher - Stars : 4 - Bruins : 6.
8:11 of 3rd period - Pascal Leclaire enters game.
8:12 of 3rd period - John Tavares wins face-off versus Henrik Sedin in neutral zone.
8:27 of 3rd period - Snap shot by Michael Frolik.
8:27 of 3rd period - Shot Blocked by Mark Stuart.
8:29 of 3rd period - Slapshot by Michael Frolik.
8:29 of 3rd period - Stopped by Roberto Luongo with a rebound.
8:39 of 3rd period - Trevor Daley is hit by Alex Tanguay and loses puck.
9:44 of 3rd period - Off-side.
9:45 of 3rd period - Scott Hartnell wins face-off versus Henrik Sedin in neutral zone.
10:38 of 3rd period - Snap shot by Dainius Zubrus.
10:38 of 3rd period - Stopped by Pascal Leclaire without a rebound.
10:39 of 3rd period - Michal Handzus wins face-off versus Mike Fisher in Stars zone.
10:39 of 3rd period - Michal Handzus is hit by Mike Fisher.
10:47 of 3rd period - Snap shot by Matt Cooke.
10:47 of 3rd period - Shot Blocked by Jason Demers.
10:59 of 3rd period - Snap shot by Kris Chucko.
10:59 of 3rd period - Shot Blocked by Shaone Morrisonn.
11:01 of 3rd period - Snap shot by Dainius Zubrus.
11:01 of 3rd period - Shot Misses the Net.
11:21 of 3rd period - Snap shot by Mike Fisher.
11:21 of 3rd period - Stopped by Pascal Leclaire without a rebound.
11:22 of 3rd period - Henrik Sedin wins face-off versus John Tavares in Stars zone.
11:35 of 3rd period - Wrist shot by Michael Frolik.
11:35 of 3rd period - Deflect By John Tavares.
11:35 of 3rd period - Shot Misses the Net.
11:35 of 3rd period - Puck is out of play.
11:36 of 3rd period - John Tavares wins face-off versus Henrik Sedin in Bruins zone.
11:53 of 3rd period - Snap shot by Michael Frolik.
11:53 of 3rd period - Shot Misses the Net.
11:59 of 3rd period - Minor Penalty to Victor Oreskovich for Slashing.
12:00 of 3rd period - Henrik Sedin wins face-off versus John Tavares in Bruins zone.
13:59 of 3rd period - Penalty to Victor Oreskovich is over, Victor Oreskovich is back on ice.
14:15 of 3rd period - Wrist shot by Dustin Penner.
14:15 of 3rd period - Deflect By Daniel Cleary.
14:15 of 3rd period - Shot Misses the Net.
14:15 of 3rd period - Puck is out of play.
14:16 of 3rd period - Evgeny Artyukhin wins face-off versus Henrik Sedin in Bruins zone.
14:32 of 3rd period - Minor Penalty to Victor Oreskovich for High sticking.
14:33 of 3rd period - Henrik Sedin wins face-off versus Radim Vrbata in Bruins zone.
14:33 of 3rd period - Henrik Sedin is hit by Brian Lee.
15:04 of 3rd period - Snap shot by Michael Frolik.
15:04 of 3rd period - Stopped by Roberto Luongo with a rebound.
15:06 of 3rd period - Slapshot by Andrei Markov.
15:06 of 3rd period - Deflect By Alex Tanguay.
15:06 of 3rd period - Stopped by Roberto Luongo with a rebound.
15:08 of 3rd period - Snap shot by Jussi Jokinen.
15:08 of 3rd period - Stopped by Roberto Luongo with a rebound.
15:26 of 3rd period - Wojtek Wolski is hit by John Tavares and loses puck.
16:32 of 3rd period - Penalty to Victor Oreskovich is over, Victor Oreskovich is back on ice.
17:24 of 3rd period - Icing by Alex Tanguay.
17:25 of 3rd period - Marc Savard wins face-off versus Dustin Penner in Bruins zone.
17:25 of 3rd period - Marc Savard is hit by Michal Handzus.
17:52 of 3rd period - Justin Falk is hit by Daniel Cleary and loses puck.
17:57 of 3rd period - Wrist shot by Dustin Penner.
17:57 of 3rd period - Goal by Dustin Penner - Stars : 5 - Bruins : 6.
17:58 of 3rd period - Michal Handzus wins face-off versus Dave Bolland in neutral zone.
18:24 of 3rd period - Icing by Dustin Penner.
18:25 of 3rd period - Rickard Wallin wins face-off versus Wojtek Wolski in Stars zone.
18:39 of 3rd period - Wrist shot by Dustin Penner.
18:39 of 3rd period - Stopped by Roberto Luongo with a rebound.
18:49 of 3rd period - Stars, Pascal Leclaire is pulled from the net.
18:57 of 3rd period - Wrist shot by John Tavares.
18:57 of 3rd period - Stopped by Roberto Luongo without a rebound.
18:58 of 3rd period - Barry Trotz call a timeout for Stars.
18:58 of 3rd period - John Tavares wins face-off versus Henrik Sedin in Bruins zone.
19:41 of 3rd period - Snap shot by Michael Frolik.
19:41 of 3rd period - Goal by Michael Frolik - Stars : 6 - Bruins : 6.
19:41 of 3rd period - Pascal Leclaire from Stars was sent back in the game.
19:42 of 3rd period - Michal Handzus wins face-off versus Dave Bolland in neutral zone.
19:45 of 3rd period - Snap shot by Evgeny Artyukhin.
19:45 of 3rd period - Shot Misses the Net.
19:47 of 3rd period - Minor Penalty to Viktor Stalberg for Delaying the game.
19:48 of 3rd period - John Tavares wins face-off versus Henrik Sedin in Bruins zone.
19:53 of 3rd period - Snap shot by Scott Hartnell.
19:53 of 3rd period - Shot Misses the Net.
19:55 of 3rd period - Slapshot by Trevor Daley.
19:55 of 3rd period - Shot Blocked by Andrew Alberts.
19:57 of 3rd period - Slapshot by Trevor Daley.
19:57 of 3rd period - Shot Blocked by Andrew Alberts.
Goals for this period are 2 for Stars vs 3 for Bruins.
Shots for this period are 11 for Stars vs 9 for Bruins.

Overtime #1


0:01 of 1st overtime period - Wojtek Wolski wins face-off versus Trevor Daley in neutral zone.
1:19 of 1st overtime period - Snap shot by Matt Cooke.
1:19 of 1st overtime period - Shot Hit the Post.
1:21 of 1st overtime period - Snap shot by Matt Cooke.
1:21 of 1st overtime period - Shot Misses the Net.
1:23 of 1st overtime period - Slapshot by Andrei Markov.
1:23 of 1st overtime period - Shot Misses the Net.
1:41 of 1st overtime period - Jason Demers is hit by Michal Handzus and loses puck.
1:47 of 1st overtime period - Penalty to Viktor Stalberg is over, Viktor Stalberg is back on ice.
2:26 of 1st overtime period - Viktor Stalberg is hit by Andrei Markov and loses puck.
2:33 of 1st overtime period - Snap shot by Jussi Jokinen.
2:33 of 1st overtime period - Shot Misses the Net.
2:52 of 1st overtime period - Ryan O'Byrne is hit by Matt Cooke and loses puck.
4:25 of 1st overtime period - Mark Stuart is hit by Dustin Penner and loses puck.
4:56 of 1st overtime period - Snap shot by Marc Savard.
4:56 of 1st overtime period - Shot Misses the Net.
Goals for this period are 0 for Stars vs 0 for Bruins.
Shots for this period are 0 for Stars vs 0 for Bruins.

ShootOut


5:00 of 1st overtime period - Penalty Shot by John Tavares for Stars.
5:00 of 1st overtime period - Snap shot by John Tavares.
5:00 of 1st overtime period - Shot Misses the Net.
5:00 of 1st overtime period - Penalty Shot by Wojtek Wolski for Bruins.
5:00 of 1st overtime period - Deke by Wojtek Wolski.
5:00 of 1st overtime period - Goal by Wojtek Wolski.
5:00 of 1st overtime period - Penalty Shot by Scott Hartnell for Stars.
5:00 of 1st overtime period - Snap shot by Scott Hartnell.
5:00 of 1st overtime period - Stopped by Roberto Luongo.
5:00 of 1st overtime period - Penalty Shot by Viktor Stalberg for Bruins.
5:00 of 1st overtime period - Deke by Viktor Stalberg.
5:00 of 1st overtime period - Goal by Viktor Stalberg.